 Dungeon Crawl Stone Soup version 0.23-a0-516-g0f8c245 (webtiles) character file.

38 galech the Skirmisher (level 3, -6/29 HPs)
             Began as a Demonspawn Fighter on Dec 5, 2018.
             Mangled by Terence
             ... wielding a +0 flail
              (9 damage)
             ... on level 2 of the Dungeon.
             The game lasted 00:01:04 (1026 turns).

galech the Skirmisher (Demonspawn Fighter)          Turns: 1026, Time: 00:01:05

Health: -6/29      AC:  8    Str: 16    XL:     3   Next: 25%
Magic:  3/3        EV:  7    Int:  9    God:
Gold:   59         SH:  9    Dex: 13    Spells: 2/2 levels left

rFire    . . .     SeeInvis .   a - +0 war axe
rCold    . . .     Gourm    .   c - +0 shield
rNeg     . . .     Faith    .   b - +0 scale mail
rPois    .         Spirit   .   (no helmet)
rElec    .         Reflect  .   (no cloak)
rCorr    .         Harm     .   (no gloves)
MR       .....                  (no boots)
Stlth    ..........             (no amulet)
HPRegen  0.09/turn              p - ring of attention (curse)
MPRegen  0.08/turn              (no ring)

@: no status effects
A: molten scales 1
a: no special abilities


You were on level 2 of the Dungeon.
You were not hungry.

You visited 1 branch of the dungeon, and saw 2 of its levels.

You collected 59 gold pieces.

Inventory:

Hand Weapons
 a - a +0 war axe (weapon)
Armour
 b - a +0 scale mail (worn)
 c - a +0 shield (worn)
Jewellery
 p - a cursed ring of attention (left hand)
Scrolls
 e - 3 scrolls of identify {unknown}
 g - a scroll of fog {unknown}
 j - a scroll of fear {unknown}
 m - 2 scrolls of amnesia {unknown}
 n - a scroll of teleportation {unknown}
 q - a scroll of enchant weapon {unknown}
Potions
 d - a potion of might
 h - a potion of heal wounds {unknown}
 i - 2 potions of flight {unknown}
 k - 2 potions of haste {unknown}
 l - a potion of mutation {unknown}
 o - a potion of curing {unknown}
Comestibles
 f - a ration


   Skills:
 + Level 3.3 Fighting
 + Level 2.3 Axes
 + Level 3.0 Armour
 + Level 0.4 Dodging
 + Level 3.0 Shields


You had 2 spell levels left.
You didn't know any spells.
Your spell library was empty.

Dungeon Overview and Level Annotations

Branches:
Dungeon (2/15)

Altars:

Annotations:
D:2 Terence


Innate Abilities, Weirdness & Mutations

You are partially covered in molten scales. (AC +2)


Message History

You are too injured to fight recklessly!
You are too injured to fight recklessly!
You are too injured to fight recklessly!
You barely miss Terence.
Terence is lightly wounded.
Terence completely misses you. You block Terence's attack.
Your shield and scale mail prevent you from hitting Terence.
Terence is lightly wounded.
Terence hits you but does no damage. Terence hits you with a +0 flail.
* * * LOW HITPOINT WARNING * * *
You hit Terence but do no damage.
Terence is lightly wounded.
You block Terence's attack. x2
You barely miss Terence.
Terence is lightly wounded.
Terence completely misses you.
You hit Terence.
Terence is lightly wounded.
Terence hits you but does no damage. Terence hits you with a +0 flail!
You die...

........#####>...#
######...........#
#.#########.# #.#
#.# #.# #.# #.#
#.# ..# #.# ###
#.# #@# #@# #.#
#.# #.# #.# #.#
..#


You could see Terence (berserk).

Vanquished Creatures
  A gnoll (D:1)
  A dart slug (D:2)
  3 leopard geckos (D:1)
  2 bats (D:1)
  3 hobgoblins (D:1)
  4 jackals (D:1)
  2 frilled lizards
  2 goblins
  3 kobolds (D:1)
  3 rats
24 creatures vanquished.

Notes
Turn   | Place    | Note
-------+----------+-------------------------------------------
     0 | D:1      | galech the Demonspawn Fighter began the quest for the Orb.
     0 | D:1      | Reached XP level 1. HP: 18/18 MP: 1/1
   144 | D:1      | Gained mutation: You are partially covered in molten
                  | scales. (AC +2) [demonic ancestry]
   144 | D:1      | Reached XP level 2. HP: 21/24 MP: 2/2
   349 | D:1      | Reached XP level 3. HP: 7/29 MP: 3/3
  1014 | D:2      | Noticed Terence
  1026 | D:2      | Mangled by Terence

Vault maps used:
D:1:      ncdulo_smallfort
D:2:      uniq_crazy_yiuf_cottage, uniq_terence

Skill      XL: |  1  2 |
---------------+-------+-----
Axes           | 2 |  2.3
Armour         | 3 |  3.0
Shields        | 3 |  3.0
Fighting       | |  3.3
Dodging        | |  0.4

Action                   || total
-------------------------++-------
Melee: War axe           ||   105
  Eat: Chunk             ||     1
Armor: Scale mail        ||    58
Dodge: Dodged            ||    36
Block: Shield            ||    69

Table legend:
 A = Non-vault XP
 B = Vault XP
 C = Vault XP percentage of total XP
 D = Non-vault monster count
 E = Vault monster count
 F = Vault count percentage of total count
                 A         B        C        D         E       F
            +---------+---------+-------+---------+---------+-------
      Total |      55 |       0 |   0.0 |      24 |       0 |   0.0
            +---------+---------+-------+---------+---------+-------
        D:1 |      47 |       0 |   0.0 |      20 |       0 |   0.0
        D:2 |       8 |       0 |   0.0 |       4 |       0 |   0.0
            +---------+---------+-------+---------+---------+-------
